 Dungeon Sprint DCSS version 0.30-a0-728-gc68057be0a (webtiles) character file.

Game seed: 1339678671058374491

30302 BigDaddyOpFi the End of an Era (level 13, -3/116 HPs)
             Began as a Demonspawn Fighter on Jan 31, 2023.
             Was the Champion of Qazlal.
             Shot with a bolt by a yaktaur captain (33 damage)
             ... in the Dungeon (Sprint VII: "The Pits").
             The game lasted 00:05:42 (3562 turns).

BigDaddyOpFi the End of an Era (Demonspawn Fighter) Turns: 3562, Time: 00:05:43

Health: -3/116     AC: 25    Str: 26    XL:     13   Next: 19%
Magic:  0/29       EV:  8    Int: 12    God:    Qazlal [******]
Gold:   10         SH: 15    Dex: 13    Spells: 12/12 levels left

rFire   . . .      SeeInvis .    p - +1 broad axe (freeze)
rCold   . . .      Faith    .    c - +0 buckler
rNeg    . . .      Spirit   +    n - +8 chain mail
rPois   .          Reflect  .    (helmet restricted)
rElec   .          Harm     .    u - +0 cloak
rCorr   .          Rampage  .    v - +0 pair of gloves
Will    .....      NoTele   +    (no boots) Stlth
                                 f - amulet of guardian spirit
HPRegen 9.39/turn                b - +3 ring of strength
MPRegen 0.21/turn                q - ring "Afidat" {Fly Str+2 Int+2}

@: flying, glowing, repel missiles
A: horns 1, demonic guardian 1, powered by death 2, sharp scales 1
a: Renounce Religion, Upheaval, Elemental Force, Disaster Area


You were in the Dungeon.
You worshipped Qazlal.
Qazlal was exalted by your worship.
You visited 1 branch You collected 10 gold pieces.

Inventory:

Hand Weapons
 p - a +1 broad axe of freezing (weapon)
Armour
 c - a +0 buckler (worn)
 n - a +8 chain mail (worn)
 u - a +0 cloak (worn)
 v - a +0 pair of gloves (worn)
Jewellery
 b - a +3 ring of strength (left hand)
 f - an amulet of guardian spirit (around neck)
 l - a ring of protection from cold
 m - a +3 ring of dexterity
 o - a ring of fire
 q - the ring "Afidat" (right hand) {Fly Str+2 Int+2}
   (You found it in the Dungeon)

   [ring of flight]

   Str:       It affects your strength (+2).
   Int:       It affects your intelligence (+2).
   Fly:       It grants you flight.
Scrolls
 j - 3 scrolls of blinking
 r - a scroll of identify
 s - a scroll of fear
 t - a scroll of fog
Potions
 a - a potion of brilliance
 d - 3 potions of might
 e - 11 potions of curing
 g - 4 potions of haste
 h - 4 potions of magic
 i - 6 potions of berserk rage
 k - 2 potions of invisibility


   Skills:
 + Level 15.3 Fighting
 + Level 14.0 Axes
 + Level 14.0 Armour
 + Level 14.2 Shields
 * Level 25.1 Invocations


You had 12 spell levels left.
You didn't know any spells.
Your spell library contained the following spells:

 Spells                   Type           Power      Damage    Failure   Level
 Summon Ice Beast         Ice/Summ       0%         N/A       100%        4
 Summon Mana Viper        Hex/Summ       0%         N/A       100%        5
 Monstrous Menagerie      Summ           0%         N/A       100%        7


Dungeon Overview and Level Annotations

Branches:
Dungeon (1/1)

Altars:
Ashenzari
Cheibriados
Dithmenos
Fedhas
Gozag
Hepliaklqana
Kikubaaqudgha
Makhleb
Nemelex Xobeh
Okawaru
Qazlal
Ru
Sif Muna
Trog
Uskayaw
Vehumet
Wu Jian
Xom
Yredelemnul
Jiyva
Lugonu


Innate Abilities, Weirdness & Mutations

You have a pair of small horns on your head.
A weak demonic guardian rushes to your aid.
You regenerate health from kills.
You are partially covered in razor-sharp scales. (AC +1, Slay +1)


Message History

Your demonic guardian avoids your attack.
The blast of magma engulfs the deep elf knight!!
The deep elf knight is heavily wounded.
The blast of ice hits the orc knight!!
The orc knight partially resists.
The orc knight is moderately wounded.
The orc knight is flash-frozen.
The blast of ice hits the vault guard!!
The vault guard is severely wounded.
The vault guard is flash-frozen.
The blast of ice hits the unseen horror!!
The unseen horror is almost dead.
The unseen horror is flash-frozen.
The blast of ice hits the deep elf knight!!!
You kill the deep elf knight!
Qazlal accepts your kill.
The blast of ice hits the daeva!!!
The daeva is almost dead.
The daeva is flash-frozen.
The unseen horror hits you but does no damage.
The daeva calls down the wrath of the Shining One upon you.
The Shining One smites you!
The yaktaur captain shoots a bolt.
You block the bolt.
The yaktaur captain shoots a bolt.
You block the bolt.
Your Armour skill increases to level 14!
Your Invocations skill increases to level 25!
You slice the vault guard!! You freeze the vault guard.
You kill the vault guard!
Qazlal accepts your kill. You block the unseen horror's attack.
The daeva calls down the wrath of the Shining One upon you.
The Shining One smites you!
The yaktaur captain shoots a bolt.
The bolt hits you!!
The yaktaur captain shoots a bolt.
The bolt hits you!
Your Axes skill increases to level 14!
The daeva is no longer encased in ice.
The orc knight is no longer encased in ice.
You block something's attack.
Deactivating autopickup; reactivate with Ctrl-A.
You block the orc knight's attack.
Your ice devil barely misses something.
The yaktaur captain shoots a bolt.
The bolt hits you!!
* * * LOW HITPOINT WARNING * * *
The yaktaur captain shoots a bolt.
The bolt hits you!!
You die...

..+ ..+ ''#
''###############################
..........≈≈≈....................
..........≈.≈≈.....)..........)).
..##############''##############.
..# #.≈..○○[.# #. ..# #.#°@☼4#≈#
#. ..# #.≈≈§§o○.)≈≈.# #. ..#
#.#A#.)[☼#.#.# #. ..#
#.§)..§≈).≈c.# #. ..#
#)#§#§)..#.#.# #. ).#
§§§.§....)..c.. #. ÷.# .#.#
#..)≈#.#.# #. ..# #. #....#.≈.#
#. ### #+


You could see a daeva (ally target), 2 yaktaur captains, an orc knight (strong)
and a friendly ice devil (summoned).

Vanquished Creatures
  A frost giant (D)
  3 orc warlords (D)
  A vampire knight (D)
  A lorocyproca (D)
  A minotaur (D)
  A deep elf death mage (D)
  2 catoblepae (D)
  3 vault guards (D)
  A hydra (D)
  A centaur warrior (D)
  An anaconda (D)
  A boulder beetle (D)
  Urug (D)
  2 spriggans (D)
  3 deep elf knights (D)
  A large abomination (D)
  Sonja (D)
  A fire crab (D)
  A phantasmal warrior (D)
  A lindwurm (D)
  9 orc knights (D)
  A deep elf pyromancer (D)
  A deep elf zephyrmancer (D)
  An elephant (D)
  A cane toad (D)
  A black mamba (D)
  2 gargoyles (D)
  An efreet (D)
  A yaktaur (D)
  A merfolk (D)
  A red devil (D)
  A troll (D)
  A hellwing (D)
  2 hornets (D)
  3 blink frogs (D)
  4 dream sheep (D)
  Eustachio (D)
  A ynoxinul (D)
  A wyvern (D)
  2 basilisks (D)
  3 fire bats (D)
  2 vampire mosquitoes (D)
  3 wargs (D)
  A floating eye (D)
  3 orc warriors (D)
  2 wolves (D)
  2 ogres (D)
  A centaur (D)
  A kobold brigand (D)
  A necrophage (D)
  A small abomination (D)
  A gnoll sergeant (D)
  5 wights (D)
  Crazy Yiuf (D)
  An orc priest (D)
  An iron imp (D)
  An orc wizard (D)
  3 gnolls (D)
  A river rat (D)
  An adder skeleton (D)
  A worm (D)
  4 orcs (D)
  A bat (D)
  2 endoplasms (D)
  A giant cockroach (D)
  2 jackals (D)
  2 quokkas (D)
  A ball python (D)
  2 frilled lizards (D)
  3 rats (D)
118 creatures vanquished.

Vanquished Creatures (collateral kills)
  An orc knight (D)
  An orange demon (D)
  A tyrant leech (D)
3 creatures vanquished.

Grand Total: 121 creatures vanquished

Notes
Turn   | Place    | Note
-------+----------+-------------------------------------------
     0 | D        | BigDaddyOpFi the Demonspawn Fighter began the quest for the
                  | Orb.
     0 | D        | Reached XP level 1. HP: 18/18 MP: 1/1
     9 | D        | Noticed a floating eye
    11 | D        | Paralysed by a floating eye for 2 turns
    16 | D        | Paralysed by a floating eye for 4 turns
    20 | D        | Killed a floating eye
    21 | D        | Reached skill level 5 in Fighting
    21 | D        | Gained mutation: You have a pair of small horns on your
                  | head. [demonic ancestry]
    21 | D        | Reached XP level 2. HP: 27/27 MP: 2/2
    21 | D        | Reached XP level 3. HP: 33/33 MP: 3/3
    21 | D        | Reached XP level 4. HP: 39/39 MP: 4/4
    38 | D        | Found a basalt altar of Yredelemnul.
    38 | D        | Found a shimmering altar of Xom.
    38 | D        | Found an ornate altar of the Wu Jian Council.
    38 | D        | Found a bloodstained altar of Trog.
    38 | D        | Found a shimmering blue altar of Sif Muna.
    38 | D        | Found a sacrificial altar of Ru.
    38 | D        | Found a stormy altar of Qazlal.
    38 | D        | Found an iron altar of Okawaru.
    38 | D        | Found a sparkling altar of Nemelex Xobeh.
    38 | D        | Found a burning altar of Makhleb.
    38 | D        | Found a viscous altar of Jiyva.
    38 | D        | Found a hazy altar of Hepliaklqana.
    38 | D        | Found an opulent altar of Gozag.
    38 | D        | Found a blossoming altar of Fedhas.
    38 | D        | Found a shadowy altar of Dithmenos.
    38 | D        | Found a snail-covered altar of Cheibriados.
    39 | D        | Found a radiant altar of Vehumet.
    39 | D        | Found a corrupted altar of Lugonu.
    40 | D        | Found an ancient bone altar of Kikubaaqudgha.
    40 | D        | Found a hide-covered altar of Uskayaw.
    40 | D        | Found a broken altar of Ashenzari.
    43 | D        | Became a worshipper of Qazlal Stormbringer
    71 | D        | Reached skill level 1 in Invocations
   221 | D        | Reached * piety under Qazlal
   222 | D        | Reached skill level 5 in Armour
   222 | D        | Reached skill level 5 in Shields
   234 | D        | Noticed an orc warrior
   238 | D        | Reached ** piety under Qazlal
   239 | D        | Reached skill level 2 in Invocations
   247 | D        | Killed an orc warrior
   248 | D        | Reached skill level 5 in Axes
   248 | D        | Reached skill level 5 in Invocations
   248 | D        | Gained mutation: You regenerate a little health from kills.
                  | [demonic ancestry]
   248 | D        | Reached XP level 5. HP: 30/46 MP: 5/9
   371 | D        | Reached *** piety under Qazlal
   480 | D        | Noticed a warg
   500 | D        | Killed a warg
   501 | D        | Reached skill level 7 in Invocations
   501 | D        | Reached XP level 6. HP: 47/53 MP: 9/11
   507 | D        | Reached **** piety under Qazlal
   591 | D        | Reached skill level 8 in Invocations
   744 | D        | Noticed an efreet
   763 | D        | Killed an efreet
   764 | D        | Reached skill level 9 in Invocations
   764 | D        | Reached XP level 7. HP: 44/60 MP: 12/14
   989 | D        | Noticed Crazy Yiuf
   989 | D        | Noticed a fire bat
   992 | D        | Killed a fire bat
   993 | D        | Reached skill level 10 in Invocations
   998 | D        | Reached ***** piety under Qazlal
  1002 | D        | Killed Crazy Yiuf
  1003 | D        | Reached skill level 11 in Invocations
  1037 | D        | Noticed an orange demon
  1037 | D        | Noticed a tyrant leech
  1041 | D        | Killed an orange demon
  1042 | D        | Reached skill level 12 in Invocations
  1042 | D        | Gained mutation: You are partially covered in razor-sharp
                  | scales. (AC +1, Slay +1) [demonic ancestry]
  1042 | D        | Reached XP level 8. HP: 67/69 MP: 2/17
  1042 | D        | Killed a tyrant leech
  1374 | D        | Reached ****** piety under Qazlal
  1375 | D        | Reached skill level 13 in Invocations
  1375 | D        | Gained mutation: You regenerate health from kills. [demonic
                  | ancestry]
  1375 | D        | Reached XP level 9. HP: 76/76 MP: 9/19
  1501 | D        | Noticed a gargoyle
  1501 | D        | Noticed a cane toad
  1503 | D        | Paralysed by a hornet for 2 turns
  1508 | D        | Killed a cane toad
  1509 | D        | Reached skill level 14 in Invocations
  1519 | D        | Killed a gargoyle
  1595 | D        | Noticed Eustachio
  1595 | D        | Noticed Sonja
  1595 | D        | Noticed a deep elf zephyrmancer
  1597 | D        | Killed Sonja
  1597 | D        | Killed a deep elf zephyrmancer
  1598 | D        | Reached skill level 10 in Fighting
  1598 | D        | Reached skill level 15 in Invocations
  1604 | D        | Killed Eustachio
  1812 | D        | Noticed a lindwurm
  1812 | D        | Noticed a catoblepas
  1814 | D        | Killed a lindwurm
  1814 | D        | Killed a catoblepas
  1815 | D        | Reached skill level 10 in Armour
  1815 | D        | Reached skill level 10 in Shields
  1815 | D        | Reached skill level 16 in Invocations
  1815 | D        | Reached XP level 10. HP: 65/86 MP: 12/22
  1981 | D        | Reached skill level 10 in Axes
  1981 | D        | Reached skill level 17 in Invocations
  2166 | D        | Noticed a deep elf pyromancer
  2168 | D        | Killed a deep elf pyromancer
  2169 | D        | Reached skill level 18 in Invocations
  2217 | D        | Noticed a spriggan rider
  2217 | D        | Noticed a black mamba
  2218 | D        | Killed a spriggan rider
  2218 | D        | Noticed a fire crab
  2219 | D        | Gained mutation: A weak demonic guardian rushes to your
                  | aid. [demonic ancestry]
  2219 | D        | Reached XP level 11. HP: 95/95 MP: 15/24
  2220 | D        | Reached skill level 19 in Invocations
  2224 | D        | Killed a fire crab
  2336 | D        | Noticed an orc knight
  2337 | D        | Noticed Urug
  2338 | D        | Noticed an eight-headed hydra
  2338 | D        | Noticed a boulder beetle
  2341 | D        | Killed an orc knight
  2341 | D        | Killed Urug
  2341 | D        | Killed an eight-headed hydra
  2342 | D        | Reached skill level 20 in Invocations
  2353 | D        | Killed a boulder beetle
  2513 | D        | Got the ring "Afidat" {Fly Str+2 Int+2}
  2697 | D        | Noticed a deep elf death mage
  2712 | D        | Killed a deep elf death mage
  2713 | D        | Reached skill level 21 in Invocations
  2990 | D        | Noticed a phantasmal warrior
  2990 | D        | Noticed an anaconda
  3000 | D        | Killed a phantasmal warrior
  3001 | D        | Killed an anaconda
  3015 | D        | Noticed a frost giant
  3028 | D        | Killed a frost giant
  3029 | D        | Reached XP level 12. HP: 57/105 MP: 26/26
  3045 | D        | Noticed a vampire knight
  3052 | D        | HP: 2/105 [something (16)]
  3058 | D        | Killed a vampire knight
  3059 | D        | Reached skill level 22 in Invocations
  3368 | D        | Noticed a minotaur
  3368 | D        | Noticed an orc warlord
  3369 | D        | Killed an orc warlord
  3369 | D        | Killed a minotaur
  3550 | D        | Noticed a centaur warrior
  3551 | D        | Noticed an orc warlord
  3552 | D        | Noticed a catoblepas
  3552 | D        | Noticed an orc warlord
  3553 | D        | Noticed a vault guard
  3554 | D        | Killed a centaur warrior
  3554 | D        | Killed a vault guard
  3554 | D        | Killed a lorocyproca
  3554 | D        | Killed a vault guard
  3554 | D        | Killed an orc warlord
  3554 | D        | Killed an orc warlord
  3554 | D        | Noticed a vault guard
  3554 | D        | Killed a catoblepas
  3555 | D        | Reached skill level 15 in Fighting
  3555 | D        | Reached skill level 24 in Invocations
  3555 | D        | Reached XP level 13. HP: 109/115 MP: 16/29
  3556 | D        | Noticed a daeva
  3556 | D        | Noticed an apis
  3561 | D        | Reached skill level 25 in Invocations
  3562 | D        | Shot with a bolt by a yaktaur captain

Illustrated notes

Levels and vault maps discovered:
D:        pitsprint [storerooms_1, entrance_room_1, metal_vault_2, armoury_3,
          mini_pit_1, grid_room_1, main_hall_1, silver_pit, the_coven_3,
          the_vestibule_1, steel_vault_4, golden_pit, hallway_of_sentries,
          crystal_vault_3, iron_vault_1, final_vault]

Skill      XL: |  1  2  3  4  5  6  7  8  9 10 11 12 13 |
---------------+----------------------------------------+-----
Fighting       | 5 6 7 8 9 10 11 13 15 | 15.3
Axes           | 4 5 6 7 8 9 10 12 13 14 | 14.0
Armour         | 4 5 6 7 8 10 12 13 14 | 14.0
Shields        | 4 5 6 7 8 10 11 12 13 14 | 14.2
Invocations    | 5 7 9 12 13 16 18 21 24 25 | 25.1

Action                     |  1- 3 |  4- 6 |  7- 9 | 10-12 | 13-15 || total
---------------------------+-------+-------+-------+-------+-------++-------
  Melee: War axe           |     6 |    90 |    15 |       |       ||   111
         Headbutt          |       |    13 |     5 |    18 |       ||    36
         Broad axe         |       |       |    18 |    58 |     1 ||    77
 Invoke: Disaster Area     |       |       |     5 |     7 |     1 ||    13
         Elemental Force   |       |       |     1 |       |       ||     1
    Use: Potion            |       |     5 |       |     7 |       ||    12
         Scroll            |       |       |       |     5 |       ||     5
 Armour: Scale mail        |       |    11 |       |       |       ||    11
         Chain mail        |       |    12 |    18 |    50 |     2 ||    82
  Dodge: Dodged            |       |    34 |     9 |    19 |     2 ||    64
         Repelled          |       |       |     2 |       |       ||     2
  Block: Buckler           |       |    41 |    23 |    62 |     9 ||   135

Table legend: (Time is in decaauts)
 A = Elapsed time spent in this place.
 B = Non-inter-level travel time spent in this place.
 C = Inter-level travel time spent in this place.
 D = Time resting spent in this place.
 E = Time spent auto-exploring this place.
 F = Levels seen in this place.
 G = Mean time per level.
                   A        B        C        D        E       F      G
               +--------+--------+--------+--------+--------+-----+--------+
         Total |   3599 |   3496 |    103 |   2609 |      0 |   1 | 3599.0 |
       Dungeon |   3599 |   3496 |    103 |   2609 |      0 |   1 | 3599.0 |
               +--------+--------+--------+--------+--------+-----+--------+

Top non-repeatable levels by time:
       D: 3599 daAuts
